 Seeded DCSS version 0.30.0-30-g96aa6591b8 (webtiles) character file.

Game seed: 11578099317584857746 (custom seed)

1635 bmack86 the Cleaver (level 8, -5/67 HPs)
             Began as a Minotaur Fighter on June 29, 2023.
             Was an Initiate of Gozag.
             Slain by an iguana (11 damage)
             ... on level 6 of the Dungeon.
             The game lasted 00:14:19 (4513 turns).

bmack86 the Cleaver (Minotaur Fighter)              Turns: 4513, Time: 00:14:21

Health: -5/67      AC: 12    Str: 22    XL:     8   Next: 66%
Magic:  7/7        EV:  5    Int:  5    God:    Gozag
Gold:   901        SH:  9    Dex: 11    Spells: 7/7 levels left

rFire   . . .        v - +2 broad axe
rCold   . . .        n - +0 kite shield
rNeg    . . .        p - +0 plate armour
rPois   .            (helmet restricted)
rElec   .            (no cloak)
rCorr   .            (no gloves)
SInv    .            (no boots)
Will    .....        (no amulet) Stlth
                     (no ring)
HPRegen 0.31/turn    (no ring)
MPRegen 0.10/turn

%: no passive effects
@: lethally poisoned (-5 -> -11), gold aura
A: horns 2, retaliatory headbutt
a: Renounce Religion, Potion Petition, Call Merchant, Bribe Branch


You were on level 6 of the Dungeon.
You worshipped Gozag.
Gozag was pleased with you.
You visited 2 branches of the dungeon, and saw 7 of its levels.

You collected 1096 gold pieces.
You spent 78 gold pieces at shops.
You paid 117 gold pieces to Gozag.

Inventory:

Hand Weapons
 a - a +0 war axe
 v - a +2 broad axe (weapon)
Missiles
 k - 5 javelins (quivered)
 q - a throwing net
 t - 6 boomerangs
Armour
 b - a +0 scale mail
 c - a +0 buckler
 n - a +0 kite shield (worn)
 p - a +0 plate armour (worn)
Jewellery
 j - a ring of wizardry
Scrolls
 f - 2 scrolls of teleportation
 l - 2 scrolls of amnesia
 m - a scroll of poison
 r - 4 scrolls of vulnerability
 u - a scroll of fear
Potions
 d - 2 potions of might
 e - a potion of mutation
 g - 2 potions of curing
 h - 2 potions of haste
 i - 2 potions of heal wounds
 o - a potion of berserk rage
 s - a potion of ambrosia {unknown}
 w - a potion of cancellation {unknown}
 x - a potion of magic {unknown}


   Skills:
 - Level 4.9 Fighting
 * Level 12.0 Axes
 - Level 4.9 Armour
 - Level 4.9 Shields


You had 7 spell levels left.
You didn't know any spells.
Your spell library contained the following spells:

 Spells                   Type           Power      Damage    Failure   Level
 Magic Dart               Conj           0%         1d3       100%        1
 Call Imp                 Summ           0%         N/A       100%        2
 Cigotuvi's Dreadful Rot  Necr/Pois/Air  0%         N/A       100%        2
 Ignite Poison            Fire/Tmut/Pois 0%         N/A       100%        3
 Mephitic Cloud           Conj/Pois/Air  0%         N/A       100%        3
 Freezing Cloud           Conj/Ice/Air   0%         6-21      100%        5


Dungeon Overview and Level Annotations

Branches:
Dungeon (6/15)             Temple (1/1) D:4

Altars:
Ashenzari
Cheibriados
Dithmenos
Elyvilon
Gozag
Hepliaklqana
Kikubaaqudgha
Makhleb
Nemelex Xobeh
Qazlal
Ru
Sif Muna
Vehumet
Xom
Yredelemnul
Zin
The Shining One

Shops:
D:1 ?   D:4 *(((


Innate Abilities, Weirdness & Mutations

You have a pair of horns on your head.
You reflexively headbutt those who attack you in melee.


Message History

Unknown command.
You feel very sick.
The shadow imp shouts, "Leave, thou peeagling fly-bitten bum-bailey!"
The water moccasin bites you but does no damage.
The water moccasin bites you.
You are more poisoned.
The water moccasin poisons you!
Things that are here:
4 gold pieces; a +0 club You hit the water moccasin.
The water moccasin is almost dead.
You feel very sick. You block the water moccasin's attack.
You slice the water moccasin!!
You kill the water moccasin!
* * * LOW HITPOINT WARNING * * *
You feel very sick. The iguana bites you.
* * * LOW HITPOINT WARNING * * *
Your Axes skill increases to level 12!
You slash the iguana!
The iguana is almost dead.
* * * LOW HITPOINT WARNING * * *
You feel very sick. The iguana completely misses you.
You hit the iguana but do no damage.
The iguana is almost dead.
* * * LOW HITPOINT WARNING * * *
You feel very sick.
The iguana bites you but does no damage.
Unknown command.
You barely miss the iguana.
You headbutt the iguana, but do no damage.
The iguana is almost dead.
You slash the shadow imp!
You kill the shadow imp!
* * * LOW HITPOINT WARNING * * *
You feel sick. The iguana bites you!
You die...
Your body crumbles into a pile of gold.

#......##...#
##...### ...#
##...####..#
#...#.#...#
#.........#
#.......###
##.......#
###.$...#...
#.$@l.....#
#....$......##
#.............
##..........#.
##........##
.........#
..........#
..........##


You could see an iguana.

Vanquished Creatures
  Grinder (D:4)
  A water moccasin (D:6)
  2 ogres (D:5)
  4 phantoms
  Blork the orc (D:5)
  2 bullfrogs
  3 scorpions (D:5)
  A howler monkey (D:6)
  2 jellies
  A centaur skeleton (D:4)
  2 hounds
  3 iguanas
  An orc priest (D:3)
  An orc wizard (D:2)
  A hound zombie (D:4)
  4 adders
  2 shadow imps
  An adder skeleton (D:4)
  An adder zombie (D:4)
  A worm (D:5)
  5 dart slugs
  11 orcs
  10 bats
  8 endoplasms
  A giant cockroach (D:3)
  5 goblins
  13 hobgoblins
  2 jackals (D:4)
  7 quokkas
  6 ball pythons
  2 frilled lizards (D:2)
  5 kobolds
  2 rats (D:1)
112 creatures vanquished.

Notes
Turn   | Place    | Note
-------+----------+-------------------------------------------
     0 | D:1      | bmack86 the Minotaur Fighter began the quest for the Orb.
     0 | D:1      | Reached XP level 1. HP: 19/19 MP: 0/0
    48 | D:1      | Reached XP level 2. HP: 23/27 MP: 1/1
    74 | D:1      | Reached skill level 3 in Axes
   241 | D:1      | Reached XP level 3. HP: 32/33 MP: 2/2
   400 | D:1      | Found Vedoos's Magic Scroll Emporium.
   411 | D:1      | Bought a scroll of identify for 22 gold pieces
   853 | D:2      | Found a sparkling altar of Nemelex Xobeh.
   877 | D:2      | Reached XP level 4. HP: 40/40 MP: 3/3
  1164 | D:2      | Reached skill level 4 in Axes
  1301 | D:3      | Reached XP level 5. HP: 22/47 MP: 4/4
  1392 | D:3      | Found a basalt altar of Yredelemnul.
  1703 | D:3      | Found a broken altar of Ashenzari.
  2066 | D:3      | Noticed a phantom
  2213 | D:4      | Found a staircase to the Ecumenical Temple.
  2217 | Temple   | Entered the Ecumenical Temple
  2431 | D:4      | Noticed a phantom
  2437 | D:4      | Found Ehuonn's Antique Weapon Shop.
  2443 | D:4      | Killed a phantom
  2444 | D:4      | Reached skill level 5 in Axes
  2444 | D:4      | Reached XP level 6. HP: 35/55 MP: 5/5
  2511 | D:4      | Found Epenk's Weapon Shop.
  2539 | D:4      | Bought a +0 broad axe for 56 gold pieces
  2711 | D:4      | Noticed Grinder
  2753 | D:4      | Paralysed by Grinder for 2 turns
  2758 | D:4      | Killed Grinder
  2759 | D:4      | Reached skill level 7 in Axes
  2759 | D:4      | Reached XP level 7. HP: 30/60 MP: 6/6
  2926 | D:4      | Found Noimofa's Weapon Shop.
  2981 | D:4      | Reached skill level 8 in Axes
  3128 | D:4      | Found Gozag's Platinum Reserve.
  3135 | D:4      | Found an opulent altar of Gozag.
  3157 | D:4      | Became a worshipper of Gozag Ym Sagoz the Greedy
  3502 | D:5      | Entered Level 5 of the Dungeon
  3557 | D:5      | Reached skill level 9 in Axes
  3587 | D:5      | Noticed Blork the orc
  3594 | D:5      | Killed Blork the orc
  3595 | D:5      | Reached XP level 8. HP: 67/67 MP: 7/7
  3639 | D:5      | Reached skill level 10 in Axes
  3819 | D:5      | Identified a scroll of acquirement
  3819 | D:5      | Acquired 570 gold pieces
  3838 | D:5      | Found a radiant altar of Vehumet.
  3867 | D:5      | Found a snail-covered altar of Cheibriados.
  4061 | D:5      | Reached skill level 11 in Axes
  4391 | D:5      | Identified the +5 spear "Epiat" {flame, rCorr Str+2 Int+4}
  4498 | D:6      | Noticed Eustachio
  4511 | D:6      | Reached skill level 12 in Axes
  4513 | D:6      | Slain by an iguana

Illustrated notes

Levels and vault maps discovered:
D:1:      shiori_arrival_maze, layout_rooms, serial_shops,
          nicolae_shop_behind_doors
D:2:      layout_loops_corners, basic_altar
D:3:      layout_loops_ring, marbit_many_paths,
          mainiacjoe_overflow_cross_hatched, kennysheep_flooded_box,
          lightli_corner_chamber
D:4:      layout_basic, nicolae_gozag_zags_fifth_avenue,
          minmay_temple_entry_glassed_door, serial_undead, serial_undead_a,
          serial_undead_b, serial_undead_a, serial_undead_d, serial_shops,
          shop_fountains, nicolae_shop_bloodbath_and_beyond,
          nicolae_square_shop, kennysheep_small_square, uniq_grinder
D:5:      layout_basic, mainiacjoe_overflow_alcove_1, lemuel_round_altar,
          uniq_blork_the_orc
D:6:      layout_cave_pools, uniq_eustachio
Temple:   nicolae_temple_slightly_damp_pantheon

Skill      XL: |  1  2  3  4  5  6  7  8 |
---------------+-------------------------+-----
Axes           | 3 4 5 7 9 12 | 12.0
Fighting       | 4 |  4.9
Armour         | 4 |  4.9
Shields        | 4 |  4.9

Action                     |  1- 3 |  4- 6 |  7- 9 || total
---------------------------+-------+-------+-------++-------
  Melee: War axe           |    69 |    67 |       ||   136
         Headbutt          |    11 |     7 |    24 ||    42
         Broad axe         |       |    12 |   108 ||   120
  Throw: Javelin           |       |     3 |       ||     3
    Use: Scroll            |     1 |    12 |     5 ||    18
 Armour: Scale mail        |    38 |       |       ||    38
         Plate armour      |     3 |    56 |    60 ||   119
  Dodge: Dodged            |    45 |    11 |    22 ||    78
  Block: Buckler           |    17 |       |       ||    17
         Kite shield       |     6 |    41 |    55 ||   102
